 Dungeon Sprint DCSS version 0.30-a0-913-g9934a0ce24 (webtiles) character file.

Game seed: 14735583477445591838

9 octoduck the Chopper (level 2, -7/26 HPs)
             Began as a Minotaur Berserker on Mar 20, 2023.
             Was a Follower of Trog.
             Killed from afar by an oklob sapling (33 damage)
             ... with a splash of acid
             ... in the Dungeon (Sprint IV: "Fedhas' Mad Dash").
             The game lasted 00:00:25 (38 turns).

octoduck the Chopper (Minotaur Berserker)             Turns: 38, Time: 00:00:25

Health: -7/26      AC:  2    Str: 21    XL:     2   Next: 6%
Magic:  1/1        EV: 12    Int:  4    God:    Trog [*.....]
Gold:   7          SH:  0    Dex:  9    Spells: 1/1 levels left

rFire   . . .      SeeInvis .    a - +0 hand axe
rCold   . . .      Faith    .    (no shield)
rNeg    . . .      Spirit   .    b - +0 animal skin
rPois   .          Reflect  .    (helmet restricted)
rElec   .          Rampage  .    (no cloak)
rCorr   .          NoTele   +    (no gloves)
Will    .....                    (no boots)
Stlth   +                        (no amulet)
HPRegen 0.24/turn                (no ring)
MPRegen 0.07/turn                (no ring)

@: no status effects
A: horns 2, retaliatory headbutt
a: Renounce Religion, Berserk


You were in the Dungeon.
You worshipped Trog.
Trog was aware of your devotion.
You visited 1 branch You collected 7 gold pieces.

Inventory:

Hand Weapons
 a - a +0 hand axe (weapon)
Armour
 b - a +0 animal skin (worn)
Scrolls
 h - a scroll of blinking
Potions
 c - a potion of curing
 d - a potion of heal wounds
 e - a potion of haste
 f - 2 potions of magic
 g - a potion of berserk rage


   Skills:
 + Level 3.6 Fighting
 * Level 6.2 Axes
 - Level 2.4 Armour
 - Level 2.1 Dodging


You had one spell level left.
You didn't know any spells.
Your spell library was empty.

Dungeon Overview and Level Annotations

Branches:
Dungeon (1/1)

Altars:

Annotations:
D exclusion: oklob sapling


Innate Abilities, Weirdness & Mutations

You have a pair of horns on your head.
You reflexively headbutt those who attack you in melee.


Message History

You open the door.
A rat and a river rat come into view.
Found 7 gold pieces.
There is an open door here.
You hit the river rat.
The river rat is moderately wounded.
You hit the fungus.
The fungus begins to die.
You hit the fungus.
The fungus begins to die.
You hit the fungus.
The fungus begins to die.
The river rat closely misses you.
You hit the river rat but do no damage.
The river rat is moderately wounded.
You hit the fungus. x3; The river rat barely misses you.
You hit the river rat but do no damage.
You headbutt the river rat, but do no damage.
The river rat is moderately wounded.
You hit the fungus. x3; A nearby fungus withers and dies. x2
The river rat bites you.
You hit the river rat. Your headbutt misses the river rat.
The river rat is almost dead.
You hit the fungus.
A nearby fungus withers and dies.
You slash the rat!
You kill the rat!
Trog accepts your kill.
You hit the river rat.
You kill the river rat!
Trog accepts your kill.
Your Axes skill gained 3 levels and is now at level 6!
You have reached level 2!
You start resting.
HP restored.
There is an open door, spattered with blood here.
You now have 7 gold pieces.
You open the door.
An oklob sapling comes into view.
Marking area around an oklob sapling as unsafe for travelling.
Found 49 gold pieces.
The oklob sapling spits acid at you. The splash of acid hits you!!
Ouch! That really hurt!
You die...

##################
#<..†#.....#.$$$$#
#PP..'.....@.#
#PP..#.....#P#
##############


You could see an oklob sapling.

Vanquished Creatures
  A river rat (D)
  A rat (D)
2 creatures vanquished.

Vanquished Creatures (others)
  3 fungi (D)
3 creatures vanquished.

Grand Total: 5 creatures vanquished

Notes
Turn   | Place    | Note
-------+----------+-------------------------------------------
     0 | D        | octoduck the Minotaur Berserker began the quest for the
                  | Orb.
     0 | D        | Reached XP level 1. HP: 19/19 MP: 0/0
    13 | D        | Reached skill level 6 in Axes
    13 | D        | Reached XP level 2. HP: 22/26 MP: 1/1
    37 | D        | Noticed an oklob sapling
    38 | D        | Killed from afar by an oklob sapling

Illustrated notes

Levels and vault maps discovered:
D:        dungeon_sprint_fedhas [sprint_temple]

Skill      XL: |  1 |
---------------+----+-----
Axes           | 6 |  6.2
Fighting       | |  3.6
Armour         | |  2.4
Dodging        | |  2.1

Action                     || total
---------------------------++-------
  Melee: Hand axe          ||     5
         Headbutt          ||     1
  Dodge: Dodged            ||     2

Table legend: (Time is in decaauts)
 A = Elapsed time spent in this place.
 B = Non-inter-level travel time spent in this place.
 C = Inter-level travel time spent in this place.
 D = Time resting spent in this place.
 E = Time spent auto-exploring this place.
 F = Levels seen in this place.
 G = Mean time per level.
                   A        B        C        D        E       F      G
               +--------+--------+--------+--------+--------+-----+--------+
         Total |     38 |     38 |      0 |     17 |      0 |   1 |   38.0 |
       Dungeon |     38 |     38 |      0 |     17 |      0 |   1 |   38.0 |
               +--------+--------+--------+--------+--------+-----+--------+

Top non-repeatable levels by time:
       D: 38 daAuts
